AoeStats
← thunder bun

Arabia

505949428Analyzed
1v1 RM · 19d ago on Sep 11, 2026· 23m 7s· 2 players
Game mode
Random Map
Map size
Tiny (2 player)
Population
200
Speed
Normal
Resources
Standard
Victory
Conquest
Starting age
Dark Age
Ending age
Imperial Age
RankedLock teamsTeams togetherTeam positionsShared explorationLock speedFull tech treeHidden civsTurbo modeCheats
Victory
Defeat
🇹🇼 Celts · Taiwan
2156
+18
🇩🇪 Britons · Germany
2192
-18
thunder bun
7:58 Loom
11:23 Feudal Age
14:51 Fletching
15:49 Double-Bit Axe
22:04 Castle Age
20:23 Padded Archer Armor
20:47 Horse Collar
22:12 Elite Skirmisher
23:15 Bodkin Arrow
Monkey Boy
6:16 Loom
8:45 Feudal Age
9:09 Man-at-Arms
13:59 Double-Bit Axe
17:07 Fletching
17:35 Padded Archer Armor
21:00 Castle Age
19:04 Horse Collar
20:09 Padded Archer Armor
21:41 Bodkin Arrow
Connection lost

Rejoining the realm…

Still unreachable

The connection could not be restored.

Session expired

The server has moved on; the page needs a fresh start.